 Dungeon Crawl Stone Soup version 0.19-a0-526-gbe2e51c (webtiles) character file.

44 Geppetto the Skirmisher (level 3, -3/29 HPs)
             Began as a Human Wanderer on June 7, 2016.
             Slain by a worker ant (6 damage)
             ... on level 2 of the Dungeon.
             The game lasted 00:04:19 (1665 turns).

Geppetto the Skirmisher (Human Wanderer)            Turns: 1665, Time: 00:04:20

Health: -3/29      AC:  5    Str: 12    XL:     3   Next: 85%
Magic:  3/3        EV: 10    Int: 14    God:
Gold:   72         SH:  0    Dex: 11    Spells: 0 memorised, 2 levels left

rFire  . . .     SeeInvis .     a - +2 falchion
rCold  . . .     Gourm    .     d - +0 ring mail
rNeg   + . .     Faith    .     (no shield)
rPois  .         Spirit   .     (no helmet)
rElec  .         Dismiss  .     (no cloak)
rCorr  .         Reflect  .     (no gloves)
SustAt .         Harm     .     (no boots)
MR     .....                    (no amulet)
Stlth  +.........               (no ring)
                                g - ring of positive energy

@: lethally poisoned (-3 -> -5), not resistant to hostile enchantments, very
unstealthy
A: no striking features
a: no special abilities


You were on level 2 of the Dungeon.
You were not hungry.

You visited 1 branch of the dungeon, and saw 3 of its levels.

You collected 72 gold pieces.

Inventory:

Hand Weapons
 a - a +2 falchion (weapon)
 b - a +0 shortbow
Missiles
 c - 68 arrows
Armour
 d - a +0 ring mail (worn)
 m - a +0 plate armour
Jewellery
 g - a ring of positive energy (left hand)
Scrolls
 i - 2 scrolls of identify
Potions
 j - a potion of flight
Comestibles
 f - 3 bread rations
 l - 2 meat rations


   Skills:
 * Level 3.2 Fighting
 - Level 2.0 Long Blades
 + Level 2.2 Bows
 - Level 1.0 Throwing
 - Level 3.0 Armour
   Level 1.0 Shields


You had 2 spell levels left.
You didn't know any spells.

Dungeon Overview and Level Annotations

Branches:
Dungeon (3/15)

Altars:
Kikubaaqudgha


Message History

The worker ant misses you. The worker ant barely misses you.
You hit the worker ant but do no damage.
The worker ant is heavily wounded.
You feel sick. The worker ant barely misses you.
You hit the worker ant but do no damage.
The worker ant is heavily wounded.
The worker ant bites you.
* * * LOW HITPOINT WARNING * * *
The worker ant bites you but does no damage.
You hit the worker ant.
The worker ant is severely wounded.
The worker ant completely misses you.
You barely miss the worker ant.
The worker ant is severely wounded.
The worker ant bites you but does no damage. x2
You closely miss the worker ant.
The worker ant is severely wounded.
* * * LOW HITPOINT WARNING * * *
You feel sick. The worker ant bites you.
You die...

#.......# #.......# ##.#.....#
#.......# #.......# #.##.####
........# ######### #..#.#
........# ##.#.# ......[.# #...#
........# #######..# ........#
#........#
.###...############(.....(>#
.##.............@a.......#.######
.##.##############..<....#(......
.##.# #.......#######. ....#
#.#..........##. #####
#.#######..#.##. .#.#### #####
#.#######....##. .#....# #...#
#...............
.#.##[###.#.################.####
.#........#..................#


You could see a worker ant.

Vanquished Creatures
  An ooze (D:1)
  2 giant geckos
  A ball python (D:2)
  A bat (D:1)
  A giant cockroach (D:2)
  7 hobgoblins (D:2)
  3 jackals (D:2)
  2 quokkas (D:2)
  A giant newt (D:2)
  3 goblins
  6 kobolds
  5 rats
33 creatures vanquished.

Vanquished Creatures (others)
  A human (D:2)
1 creature vanquished.

Grand Total: 34 creatures vanquished

Notes
Turn   | Place    | Note
--------------------------------------------------------------
     0 | D:1      | Geppetto the Human Wanderer began the quest for the Orb.
     0 | D:1      | Geppetto set off with: a +2 falchion, a +0 shortbow, 26 arrows, a +0 ring mail, a bread ration
     0 | D:1      | Reached XP level 1. HP: 16/16 MP: 1/1
   259 | D:1      | Reached XP level 2. HP: 23/23 MP: 2/2
   821 | D:2      | Reached XP level 3. HP: 26/28 MP: 3/3
  1504 | D:2      | Found an ancient bone altar of Kikubaaqudgha.
  1504 | D:2      | Noticed a human
  1507 | D:2      | Killed a human
  1665 | D:2      | Slain by a worker ant

Vault maps used:
D:1:      dpeg_arrival_water_temple_mockup
D:2:      first_bread, tgw_kikubaaqudgha
D:3:      ecumenical_altar_2

Skill      XL: |  1  2  3 |
---------------+----------+-----
Bows           | 2 |  2.2
Fighting       | 3 |  3.2
Long Blades    | |  2.0
Throwing       | |  1.0
Armour         | |  3.0
Shields        | |  1.0

Action                   || total
-------------------------++-------
Melee: Falchion          ||    99
 Fire: Shortbow          ||     6
  Use: Scroll            ||     3
       Potion            ||     2
  Eat: Chunk             ||     2
Armor: Ring mail         ||    45
Dodge: Dodged            ||    79
